 Dungeon Crawl Stone Soup version 0.21-a0-185-g3a6ed1e (webtiles) character file.

12287 namelastname112 the Fighter (level 11, -16/106 HPs)
             Began as a Grey Draconian Wanderer on Aug 12, 2017.
             Was an Initiate of Ashenzari.
             Demolished by a two-headed ogre
             ... wielding a +0 giant club
              (20 damage)
             ... on level 10 of the Dungeon.
             The game lasted 00:19:19 (12537 turns).

namelastname112 the Fighter (DrWn)                 Turns: 12537, Time: 00:19:19

Health: -16/106    AC: 15    Str: 12    XL:     11   Next: 60%
Magic:  19/19      EV: 20    Int: 18    God:    Ashenzari [......]
Gold:   1033       SH:  0    Dex: 17    Spells: 12/21 levels left

rFire    . . .     SeeInvis .   v - +9 dagger of Bodily Humours {drain, Dex+6}
rCold    + . .     Gourm    .   (no shield)
rNeg     + . .     Faith    .   (armour unavailable)
rPois    .         Spirit   .   (helmet restricted)
rElec    .         Reflect  .   (no cloak)
rCorr    .         Harm     .   p - +0 pair of gloves
MR       .....                  b - +1 pair of boots
Stlth    ++........             K - amulet of rage
HPRegen  0.27/turn              u - ring of protection from cold
MPRegen  0.16/turn              B - ring of positive energy

@: flying, very slightly contaminated
A: walk through water, unfitting armour, big wings, hooves 1, unbreathing,
cold-blooded, AC +12
a: Stop Flying, Curse Item, Renounce Religion, Evoke Berserk Rage


You were on level 10 of the Dungeon.
You worshipped Ashenzari.
Ashenzari was noncommittal.
You were hungry.

You visited 2 branches of the dungeon, and saw 11 of its levels.

You collected 1116 gold pieces.
You paid 83 gold pieces to Gozag.

Inventory:

Hand Weapons
 t - a +3 short sword of venom
 v - the +9 dagger of Bodily Humours (weapon) {drain, Dex+6}
   (You found it on level 4 of the Dungeon)

   A truly terrible weapon, it drains the life of those it strikes.
   It affects your dexterity (+6).
Missiles
 I - 52 stones (quivered)
Armour
 b - a +1 pair of boots (worn)
 p - a +0 pair of gloves (worn)
Jewellery
 s - an uncursed ring of wizardry
 u - a ring of protection from cold (left hand)
 A - an uncursed ring of wizardry
 B - a ring of positive energy (right hand)
 K - an amulet of rage (around neck)
 Q - an uncursed ring of positive energy
Wands
 n - a wand of lightning (10/15)
 q - a wand of acid (0/15)
 w - a wand of acid (3/15)
 x - a wand of disintegration (16/24)
 C - a wand of polymorph (9/24)
 H - a wand of acid (8/15)
 O - a wand of confusion (15/48)
Scrolls
 e - 4 scrolls of remove curse
 h - 7 scrolls of identify
 k - 2 scrolls of enchant weapon
 m - 4 scrolls of enchant armour
 y - a scroll of amnesia
 L - 2 scrolls of fear
Potions
 a - a potion of brilliance
 d - a potion of might
 g - 2 potions of haste
 i - 2 potions of degeneration
 l - 2 potions of magic
 o - a potion of mutation
 r - a potion of heal wounds
 D - 2 potions of curing
 E - a potion of resistance
 M - 2 potions of agility {unknown}
Books
 G - a book of Geomancy

   Spells                             Type                      Level
   a - Sandblast                      Earth                        1
   b - Passwall                       Transmutation/Earth          2
   c - Stone Arrow                    Conjuration/Earth            3
   d - Petrify                        Transmutation/Earth          4
   e - Lee's Rapid Deconstruction     Earth                        5
Miscellaneous
 F - a lightning rod (4/4)
 N - a fan of gales
Comestibles
 c - 4 meat rations
 f - 8 bread rations
 z - 3 fruits


   Skills:
 - Level 12.9 Fighting
   Level 2.0 Maces & Flails
 - Level 10.5 Dodging
   Level 1.0 Shields
 * Level 5.8 Spellcasting
   Level 1.0 Summonings
 * Level 7.4 Earth Magic
 - Level 1.0 Evocations


You had 12 spell levels left.
You knew the following spells:

 Your Spells              Type           Power        Failure   Level  Hunger
c - Lee's Rapid Deconstr  Erth           ####......   16%         5    #####..
x - Stone Arrow           Conj/Erth      ###...       8%          3    ##.....
z - Sandblast             Erth           ####..       1%          1    None


Dungeon Overview and Level Annotations

Branches:
Dungeon (10/15)            Temple (1/1) D:6            Lair (0/6) D:9
    Orc: D:9-12

Altars:
Ashenzari
Cheibriados
Dithmenos
Elyvilon
Fedhas
Gozag
Hepliaklqana
Kikubaaqudgha
Makhleb
Nemelex Xobeh
Okawaru
Qazlal
Ru
Sif Muna
Trog
Uskayaw
Vehumet
Wu Jian
Xom
Yredelemnul
Zin
The Shining One

Annotations:
D:9 Syneil's ghost, novice GrEE


Innate Abilities, Weirdness & Mutations

You can walk through water.
Your dull iron-grey scales are very hard. (AC +12)
You cannot fit into any form of body armour.
You can survive without breathing.
You are cold-blooded and may be slowed by cold attacks.
Your large and strong wings let you fly indefinitely.
You have large cloven feet.


Message History

There is an open door here.
A two-headed ogre comes into view.
It is wielding a giant club and a giant spiked club.
Gozag incites the two-headed ogre against you.
The two-headed ogre shouts in stereo!
The two-headed ogre goes berserk!
The slime creature hits you!
* * * LOW HITPOINT WARNING * * *
You take 7 damage, and have 11/105 hp.
You feel much better. The two-headed ogre misses you.
The two-headed ogre hits you with a giant spiked club!!
* * * LOW HITPOINT WARNING * * *
The slime creature hits you!
* * * LOW HITPOINT WARNING * * *
You take 7 damage, and have 4/106 hp.
Okay, then.
The slime creature quivers.
The slime creature hits you.
* * * LOW HITPOINT WARNING * * *
The two-headed ogre hits you with a giant club!!
You die...

......).)...#)# #..# ##.#.###.#
.....#......(.#####..###..#..##.#
...(..<.....)....................
.........##.####.8≈≈≈≈≈≈≈J≈≈≈≈≈≈≈
.....##..##.# ##.≈8J≈≈≈≈J≈≈≈≈≈≈≈≈
.....##.$##.###..≈≈J'############
.....##........JJ≈≈.#..}.....
#.######$##.#.#O.≈≈##........ #.#
#.##.#.##@............
#.######.##.#.##.≈≈##........
....÷.<.......##.≈≈.#........
#T.#.###.#######.≈≈.'############
#..#.............≈8≈≈≈≈≈≈≈≈≈≈≈≈≈≈
#........######..8≈≈≈≈≈≈≈≈≈≈≈≈≈≈≈
#..####### #..................
#..# #...#####.#.#####.. #..#
##### #...# ##.


You could see a large slime creature, 3 slime creatures and a two-headed ogre
(berserk).

Vanquished Creatures
  A two-headed ogre (D:7)
  A centaur warrior (D:8)
  Pikel (D:4)
  An elephant (D:9)
  The ghost of Noname the Conjurer, a novice DEWz of Vehumet (D:8)
  Joseph (D:7)
  The ghost of namelastname112 the Skirmisher, an amateur DrWn (D:3)
  2 trolls (D:10)
  A slime creature (D:10)
  4 hippogriffs
  12 yaks
  A hungry ghost (D:10)
  Menkaure (D:4)
  4 sky beasts
  5 orc warriors
  2 slaves (D:4)
  2 ice beasts
  A black bear (D:10)
  4 phantoms
  A necrophage (D:10)
  2 ogres
  7 centaurs
  2 crocodiles (D:9)
  3 big kobolds
  6 bullfrogs
  3 scorpions
  6 killer bees (D:8)
  16 wights
  3 howler monkeys
  4 electric eels
  3 crimson imps
  A quasit (D:10)
  2 bullfrog zombies
  6 hounds
  5 jellies
  2 centaur skeletons
  7 orc priests
  12 orc wizards
  Natasha (thrice) (D:2)
  2 iguanas
  10 worker ants
  2 hound zombies
  A hound skeleton (D:5)
  2 worker ant zombies
  7 adders
  2 shadow imps
  4 leopard geckos
  45 orcs
  A ball python (D:1)
  7 bats
  4 giant cockroaches
  5 hobgoblins
  24 jackals
  5 quokkas
  10 frilled lizards
  6 goblins
  A jackal skeleton (D:6)
  18 kobolds
  A quokka skeleton (D:6)
  7 rats
304 creatures vanquished.

Vanquished Creatures (others)
  A worker ant (D:4)
1 creature vanquished.

Grand Total: 305 creatures vanquished

Notes
Turn   | Place    | Note
-------+----------+-------------------------------------------
     0 | D:1      | namelastname112 the Draconian Wanderer began the quest for the Orb.
     0 | D:1      | namelastname112 set off with: a +2 mace, a +0 hand crossbow, 26 bolts, a potion of lignification, a bread ration
     0 | D:1      | Reached XP level 1. HP: 19/19 MP: 3/3
   110 | D:1      | Reached XP level 2. HP: 8/26 MP: 5/5
   115 | D:1      | Reached skill level 1 in Dodging
  1007 | D:2      | Reached skill level 4 in Fighting
  1007 | D:2      | Reached XP level 3. HP: 28/33 MP: 6/6
  1088 | D:2      | Noticed Natasha
  1100 | D:2      | Killed Natasha
  1396 | D:2      | Noticed Natasha
  1401 | D:2      | Killed Natasha
  1401 | D:2      | Reached XP level 4. HP: 15/41 MP: 7/7
  1797 | D:2      | Noticed Natasha
  1805 | D:2      | Killed Natasha
  1991 | D:3      | Reached skill level 5 in Fighting
  2053 | D:3      | Noticed namelastname112's ghost (amateur DrWn)
  2179 | D:4      | Reached XP level 5. HP: 48/48 MP: 8/8
  2204 | D:4      | Gained mutation: You have large cloven feet. [potion of mutation]
  2204 | D:4      | Gained mutation: Your large and strong wings let you fly indefinitely. [potion of mutation]
  2579 | D:4      | Got a transparent dagger
  2588 | D:4      | Identified the +9 dagger of Bodily Humours {drain, Dex+6} (You found it on level 4 of the Dungeon)
  2610 | D:4      | Reached XP level 6. HP: 57/57 MP: 9/9
  2646 | D:4      | Found a burning altar of Makhleb.
  2647 | D:4      | Found a bloodstained altar of Trog.
  2647 | D:4      | Found a hide-covered altar of Uskayaw.
  2648 | D:4      | Found a basalt altar of Yredelemnul.
  2650 | D:4      | Noticed a slave
  2652 | D:4      | Noticed a slave
  2652 | D:4      | Noticed a slave
  2653 | D:4      | Noticed Pikel
  2653 | D:4      | Noticed a slave
  2664 | D:4      | Killed a slave
  2704 | D:4      | Killed a slave
  2710 | D:4      | Killed Pikel
  2710 | D:4      | Reached skill level 7 in Fighting
  2710 | D:4      | Reached skill level 5 in Dodging
  2710 | D:4      | Your scales start taking on a dull iron-grey colour.
  2710 | D:4      | Reached XP level 7. HP: 46/66 MP: 10/10
  2710 | D:4      | Gained mutation: You can survive without breathing. [Grey Draconian growth]
  2846 | D:4      | Noticed Menkaure
  2850 | D:4      | Killed Menkaure
  3233 | D:3      | Killed namelastname112's ghost
  3233 | D:3      | Reached skill level 8 in Fighting
  3233 | D:3      | Reached XP level 8. HP: 48/74 MP: 11/11
  3441 | D:3      | Found a blossoming altar of Fedhas.
  3815 | D:5      | Entered Level 5 of the Dungeon
  4049 | D:5      | Reached skill level 9 in Fighting
  4197 | D:5      | Found a deep blue altar of Sif Muna.
  4197 | D:5      | Found a stormy altar of Qazlal.
  4197 | D:5      | Found a white marble altar of Elyvilon.
  4753 | D:5      | Found an opulent altar of Gozag.
  4754 | D:5      | Found a glowing silver altar of Zin.
  5078 | D:6      | Reached XP level 9. HP: 85/85 MP: 12/12
  5190 | D:6      | HP: 2/85 [something (12)]
  5765 | D:6      | Reached skill level 10 in Fighting
  5798 | D:6      | Found a staircase to the Ecumenical Temple.
  6293 | Temple   | Entered the Ecumenical Temple
  6474 | D:5      | Became a worshipper of Gozag Ym Sagoz the Greedy
  7184 | D:7      | Reached skill level 11 in Fighting
  7277 | D:7      | Noticed Joseph
  7304 | D:7      | Killed Joseph
  7428 | D:7      | Noticed a two-headed ogre
  7442 | D:7      | Killed a two-headed ogre
  7442 | D:7      | Reached XP level 10. HP: 62/97 MP: 13/13
  8093 | D:8      | Noticed Noname's ghost (novice DEWz)
  8116 | D:8      | Killed Noname's ghost
  8116 | D:8      | Reached skill level 12 in Fighting
  8191 | D:8      | Found an iron altar of Okawaru.
  8262 | D:8      | Reached skill level 10 in Dodging
  8341 | D:8      | Found a shadowy altar of Dithmenos.
  9037 | D:9      | Noticed Syneil's ghost (novice GrEE)
  9415 | Temple   | Fell from the grace of Gozag
  9415 | Temple   | Became a worshipper of Ashenzari the Shackled
  9418 | Temple   | Learned a level 1 spell: Sandblast
  9607 | D:8      | Noticed a centaur warrior
  9618 | D:8      | Killed a centaur warrior
  9845 | D:8      | Learned a level 3 spell: Stone Arrow
  9932 | D:9      | Reached XP level 11. HP: 100/106 MP: 15/15
  9977 | D:9      | Found a staircase to the Lair.
 10057 | D:10     | Entered Level 10 of the Dungeon
 10988 | D:9      | Reached skill level 5 in Earth Magic
 11336 | D:10     | Learned a level 5 spell: Lee's Rapid Deconstruction
 11378 | D:10     | Reached skill level 5 in Spellcasting
 12534 | D:10     | Noticed a two-headed ogre
 12535 | D:10     | HP: 4/106 [slime creature (10)]
 12537 | D:10     | Demolished by a two-headed ogre

Vault maps used:
D:1:      dpeg_arrival_stonehenge_8_columns
D:2:      uniq_natasha
D:3:      old_standard_altar
D:4:      chequers_temple_overflow_statue_of_worship, first_bread,
          uniq_menkaure, uniq_pikel
D:5:      cheibrodos_barr_body, grunt_temple_overflow_gold_and_silver,
          gammafunk_temple_overflow_claw
D:6:      cheibrodos_helix_gallery, temple_pool_b
D:7:      uniq_joseph
D:8:      okawaru_ov_weapons_minmay, grunt_dithmenos_shadows
D:9:      david_lair_generic
D:10:     erik_orc_2, uniq_josephine
Temple:   zaba_magenta_temple

Skill      XL: |  1  2  3  4  5  6  7  8  9 10 11 |
---------------+----------------------------------+-----
Dodging        | 1 2 3 5 6 7 9 10 | 10.5
Fighting       | 4 5 7 8 9 11 12 | 12.9
Earth Magic    | 2 7 |  7.4
Spellcasting   | 3 5 |  5.8
Maces & Flails | |  2.0
Shields        | |  1.0
Summonings     | |  1.0
Evocations     | |  1.0

Action                   |  1- 3 |  4- 6 |  7- 9 | 10-12 || total
-------------------------+-------+-------+-------+-------++-------
Melee: Mace              |    90 |     9 |       |       ||    99
       Tailslap          |     1 |    12 |    58 |   114 ||   185
       Short sword       |       |    97 |       |       ||    97
       Dagger            |       |    38 |   413 |   635 ||  1086
 Cast: Stone Arrow       |       |       |       |    26 ||    26
       Sandblast         |       |       |       |     2 ||     2
 Abil: Fly               |       |     1 |       |       ||     1
Evoke: Wand              |       |       |       |     7 ||     7
  Use: Potion            |       |     5 |     3 |     1 ||     9
       Scroll            |       |       |    15 |     4 ||    19
 Stab: Sleeping          |       |       |     2 |     1 ||     3
       Distracted        |       |       |     1 |       ||     1
  Eat: Chunk             |     2 |     3 |     7 |     7 ||    19
       Royal jelly       |       |       |     2 |       ||     2
       Bread ration      |       |       |     1 |     2 ||     3
       Meat ration       |       |       |       |     1 ||     1
Armor: Skin              |    43 |    68 |   156 |   164 ||   431
Dodge: Dodged            |    76 |   115 |   404 |   659 ||  1254
